IL
OMAHA STORM CHASERS @ COLUMBUS CLIPPERS
07/24/2048
 
TOP OF THE 1ST
Omaha Storm Chasers batting - Pitching for Columbus Clippers : RHP Roberto Reyes
Pitching: RHP Roberto Reyes
Batting: LHB Jim Pankratz 0-0: Called Strike
0-1: Ball
1-1: Foul Ball, location: 2F
1-2: Strikes out swinging
Batting: RHB Taisei Fujii 0-0: Ball
1-0: Ball
2-0: Swinging Strike
2-1: Ball
3-1: Swinging Strike
3-2: Strikes out looking
Batting: LHB Shigeru Ono 0-0: Called Strike
0-1: Called Strike
0-2: Foul Ball, location: 2F
0-2: Strikes out swinging
Top of the 1st over - 0 runs, 0 hits, 0 errors, 0 left on base; Omaha 0 - Columbus 0
BOTTOM OF THE 1ST
Columbus Clippers batting - Pitching for Omaha Storm Chasers : RHP Ken Hall
Pitching: RHP Ken Hall
Batting: RHB Chang-wei Jiang 0-0: Ball
1-0: Ball
2-0: Ball
3-0: SINGLE (Groundball, 6M, EV 83.8 MPH) (infield hit)
Batting: LHB Jack Bell 0-0: Called Strike
Chang-wei Jiang steals 2nd base
0-1: Ball
1-1: Ball
2-1: TRIPLE (Flyball, 9LD, EV 103.1 MPH)
Chang-wei Jiang scores
Batting: LHB Jesus Lozano 0-0: Ball
1-0: Foul Ball, location: 2F
1-1: 2-RUN HOME RUN (Flyball, 89XD, EV 104.4 MPH), Distance : 425 ft
Batting: RHB Eddie LaRose 0-0: Ball
1-0: Fly out, F5 (Popup, 5SF, EV 70.0 MPH)
Batting: LHB Jim Keefe 0-0: Ball
1-0: Called Strike
1-1: Foul Ball, location: 2F
1-2: Foul Ball, location: 2F
1-2: Ball
2-2: Ball
3-2: Ground out 1-3 (Groundball, 15S, EV 65.6 MPH)
Batting: LHB Corey Trevor 0-0: Called Strike
0-1: Ball
1-1: Swinging Strike
1-2: Ball
2-2: Ground out 6-3 (Groundball, 56, EV 105.6 MPH)
Bottom of the 1st over - 3 runs, 3 hits, 0 errors, 0 left on base; Omaha 0 - Columbus 3
TOP OF THE 2ND
Omaha Storm Chasers batting - Pitching for Columbus Clippers : RHP Roberto Reyes
Batting: SHB Francisco Gutierrez 0-0: Hit by Pitch
Batting: LHB Danny Bailey 0-0: Called Strike
0-1: Ball
1-1: Ball
2-1: Fly out, F7 (Line Drive, 78S, EV 89.4 MPH)
Batting: RHB Yuichi Takata 0-0: Ball
1-0: Foul Ball, location: 2F
1-1: Foul Ball, location: 2F
1-2: Strikes out swinging
Batting: SHB Arturo Baez 0-0: Ball
1-0: Ball
2-0: Called Strike
2-1: Fly out, F8 (Flyball, 8LXD, EV 106.2 MPH)
Top of the 2nd over - 0 runs, 0 hits, 0 errors, 1 left on base; Omaha 0 - Columbus 3
BOTTOM OF THE 2ND
Columbus Clippers batting - Pitching for Omaha Storm Chasers : RHP Ken Hall
Batting: RHB Josh Hoeye 0-0: Ball
1-0: Foul Ball, location: 2F
1-1: Ground out 6-3 (Groundball, 6S, EV 86.9 MPH)
Batting: LHB Tyler Babbitt 0-0: Called Strike
0-1: Ball
1-1: Called Strike
1-2: Strikes out swinging, 2-3 out at first.
Batting: RHB Stephen Charbonneau 0-0: Foul Ball, location: 2F
0-1: Ball
1-1: Fly out, F3 (Popup, 3SF, EV 80.6 MPH)
Bottom of the 2nd over - 0 runs, 0 hits, 0 errors, 0 left on base; Omaha 0 - Columbus 3
TOP OF THE 3RD
Omaha Storm Chasers batting - Pitching for Columbus Clippers : RHP Roberto Reyes
Batting: RHB Kevin Roseen 0-0: Swinging Strike
0-1: Ball
1-1: Ball
2-1: Swinging Strike
2-2: Ball
3-2: SINGLE (Line Drive, 78S, EV 95.0 MPH)
Batting: RHB Jason Birge 0-0: Foul Ball, location: 2F
0-1: Ball
1-1: Ball
2-1: Swinging Strike
2-2: Foul Ball, location: 2F
2-2: Ball
3-2: Strikes out swinging
Batting: LHB Jim Pankratz 0-0: Foul Ball, location: 2F
0-1: Ball
1-1: Foul Ball, location: 2F
1-2: Strikes out swinging
Batting: RHB Taisei Fujii 0-0: Swinging Strike
0-1: Foul Ball, location: 2F
0-2: Strikes out looking
Top of the 3rd over - 0 runs, 1 hit, 0 errors, 1 left on base; Omaha 0 - Columbus 3
BOTTOM OF THE 3RD
Columbus Clippers batting - Pitching for Omaha Storm Chasers : RHP Ken Hall
Batting: RHB Chang-wei Jiang 0-0: Ball
1-0: Ball
2-0: Ball
3-0: Base on Balls
Batting: LHB Jack Bell 0-0: Ball
1-0: Ball
2-0: Called Strike
2-1: Called Strike
2-2: Ball
3-2: Base on Balls
Chang-wei Jiang to second
Batting: LHB Jesus Lozano 0-0: Ball
1-0: Fly out, F8 (Flyball, 78S, EV 85.6 MPH)
Batting: RHB Eddie LaRose 0-0: SINGLE (Flyball, 78S, EV 89.4 MPH)
Chang-wei Jiang to third
Jack Bell to second
Runner from 3rd tries for Home, SAFE, throw by LF to home
Batting: LHB Jim Keefe 0-0: Ball
Wild Pitch!
Jack Bell to third
Eddie LaRose to second
1-0: Ball
2-0: Called Strike
2-1: Swinging Strike
2-2: Hit by Pitch
Batting: LHB Corey Trevor 0-0: Called Strike
0-1: Ball
1-1: Called Strike
1-2: Foul Ball, location: 2F
1-2: Ground out 6-3 (Groundball, 6S, EV 55.0 MPH)
Jack Bell scores
Eddie LaRose to third
Jim Keefe to second
Batting: RHB Josh Hoeye 0-0: Ball
1-0: Fly out, F9 (Flyball, 9LSF, EV 71.9 MPH)
Bottom of the 3rd over - 2 runs, 1 hit, 0 errors, 2 left on base; Omaha 0 - Columbus 5
TOP OF THE 4TH
Omaha Storm Chasers batting - Pitching for Columbus Clippers : RHP Roberto Reyes
Batting: LHB Shigeru Ono 0-0: Ball
1-0: Called Strike
1-1: Foul Ball, location: 2F
1-2: Ground out 6-3 (Groundball, P, EV 85.6 MPH)
Batting: SHB Francisco Gutierrez 0-0: Ball
1-0: Ball
2-0: Swinging Strike
2-1: Called Strike
2-2: Foul Ball, location: 2F
2-2: Fly out, F8 (Flyball, 8RM, EV 86.2 MPH)
Batting: LHB Danny Bailey 0-0: Swinging Strike
0-1: Ball
1-1: Ball
2-1: Called Strike
2-2: Ball
3-2: Foul Ball, location: 2F
3-2: Strikes out looking
Top of the 4th over - 0 runs, 0 hits, 0 errors, 0 left on base; Omaha 0 - Columbus 5
BOTTOM OF THE 4TH
Columbus Clippers batting - Pitching for Omaha Storm Chasers : RHP Ken Hall
Batting: LHB Tyler Babbitt 0-0: Swinging Strike
0-1: Ball
1-1: Ball
2-1: Foul Ball, location: 2F
2-2: Strikes out looking
Batting: RHB Stephen Charbonneau 0-0: Foul Ball, location: 2F
0-1: Foul Ball, location: 2F
0-2: Foul Ball, location: 2F
0-2: Fly out, F7 (Flyball, 7LM, EV 103.1 MPH)
Batting: RHB Chang-wei Jiang 0-0: Swinging Strike
0-1: Ball
1-1: Ball
2-1: Swinging Strike
2-2: Strikes out swinging
Bottom of the 4th over - 0 runs, 0 hits, 0 errors, 0 left on base; Omaha 0 - Columbus 5
TOP OF THE 5TH
Omaha Storm Chasers batting - Pitching for Columbus Clippers : RHP Roberto Reyes
Batting: RHB Yuichi Takata 0-0: Called Strike
0-1: Ground out 1-3 (Groundball, 13S, EV 73.1 MPH)
Batting: SHB Arturo Baez 0-0: Foul Ball, location: 2F
0-1: Ball
1-1: Swinging Strike
1-2: Foul Ball, location: 2F
1-2: Fly out, F4 (Line Drive, 4, EV 70.0 MPH)
Batting: RHB Kevin Roseen 0-0: Ball
1-0: Ball
2-0: Called Strike
2-1: Foul Ball, location: 2F
2-2: Ball
3-2: Foul Ball, location: 2F
3-2: Strikes out swinging
Top of the 5th over - 0 runs, 0 hits, 0 errors, 0 left on base; Omaha 0 - Columbus 5
BOTTOM OF THE 5TH
Columbus Clippers batting - Pitching for Omaha Storm Chasers : RHP Ken Hall
Batting: LHB Jack Bell 0-0: Called Strike
0-1: Ball
1-1: Foul Ball, location: 2F
1-2: Ball
2-2: Strikes out swinging
Batting: LHB Jesus Lozano 0-0: Ball
1-0: Ground out 5-3 (Groundball, 56, EV 107.5 MPH)
Batting: RHB Eddie LaRose 0-0: Swinging Strike
0-1: Foul Ball, location: 2F
0-2: Strikes out swinging
Bottom of the 5th over - 0 runs, 0 hits, 0 errors, 0 left on base; Omaha 0 - Columbus 5
TOP OF THE 6TH
Omaha Storm Chasers batting - Pitching for Columbus Clippers : RHP Roberto Reyes
Batting: RHB Jason Birge 0-0: Ball
1-0: Ball
2-0: Called Strike
2-1: Swinging Strike
2-2: Ball
3-2: DOUBLE (Line Drive, 89XD, EV 109.4 MPH)
Batting: LHB Jim Pankratz 0-0: Ball
1-0: Ball
2-0: Called Strike
2-1: Ball
3-1: Called Strike
3-2: Strikes out swinging
Batting: RHB Taisei Fujii 0-0: Called Strike
0-1: Ball
1-1: Ground out 6-3 (Groundball, 6, EV 89.4 MPH)
Batting: LHB Shigeru Ono 0-0: Called Strike
0-1: Called Strike
0-2: Ball
1-2: Foul Ball, location: 2F
1-2: Strikes out swinging
Top of the 6th over - 0 runs, 1 hit, 0 errors, 1 left on base; Omaha 0 - Columbus 5
BOTTOM OF THE 6TH
Columbus Clippers batting - Pitching for Omaha Storm Chasers : RHP Ken Hall
Batting: LHB Jim Keefe 0-0: Swinging Strike
0-1: Ball
1-1: Swinging Strike
1-2: Ball
2-2: Ball
3-2: Ground out 4-3 (Groundball, 4, EV 105.0 MPH)
Batting: LHB Corey Trevor 0-0: Ball
1-0: Ball
2-0: Ball
3-0: Base on Balls
Pitching: RHP Jake Gregor
Batting: RHB Josh Hoeye 0-0: Called Strike
0-1: Ball
1-1: SINGLE (Groundball, 25, EV 70.6 MPH) (infield hit)
Corey Trevor to second
Batting: LHB Tyler Babbitt 0-0: Ball
1-0: Swinging Strike
1-1: Ball
2-1: Foul Ball, location: 2F
2-2: Strikes out swinging
Batting: RHB Stephen Charbonneau 0-0: Foul Ball, location: 2F
0-1: Ground out U3 (Groundball, 3S, EV 78.8 MPH)
Bottom of the 6th over - 0 runs, 1 hit, 0 errors, 2 left on base; Omaha 0 - Columbus 5
TOP OF THE 7TH
Omaha Storm Chasers batting - Pitching for Columbus Clippers : RHP Roberto Reyes
Pitching: RHP Jason Greene
Batting: SHB Francisco Gutierrez 0-0: Ball
1-0: Ground out 3-1 (Groundball, 34, EV 97.5 MPH)
Batting: LHB Danny Bailey 0-0: Called Strike
0-1: Swinging Strike
0-2: Strikes out looking
Batting: RHB Yuichi Takata 0-0: Ball
1-0: Called Strike
1-1: SOLO HOME RUN (Line Drive, 9D, EV 106.9 MPH), Distance : 394 ft
Batting: SHB Arturo Baez 0-0: Called Strike
0-1: Ball
1-1: Called Strike
1-2: Ball
2-2: Ball
3-2: Foul Ball, location: 2F
3-2: Strikes out swinging
Top of the 7th over - 1 run, 1 hit, 0 errors, 0 left on base; Omaha 1 - Columbus 5
BOTTOM OF THE 7TH
Columbus Clippers batting - Pitching for Omaha Storm Chasers : RHP Jake Gregor
Batting: RHB Chang-wei Jiang 0-0: Swinging Strike
0-1: Foul Ball, location: 2F
0-2: Foul Ball, location: 2F
0-2: Ball
1-2: Strikes out looking
Batting: LHB Jack Bell 0-0: Fly out, F8 (Flyball, 89M, EV 91.2 MPH)
Batting: LHB Jesus Lozano 0-0: Ball
1-0: Ball
2-0: DOUBLE (Line Drive, 7LS, EV 100.6 MPH)
Batting: RHB Eddie LaRose 0-0: Ball
1-0: Ball
2-0: Called Strike
2-1: Foul Ball, location: 2F
2-2: Ground out 5-3 (Groundball, 56, EV 107.5 MPH)
Bottom of the 7th over - 0 runs, 1 hit, 0 errors, 1 left on base; Omaha 1 - Columbus 5
TOP OF THE 8TH
Omaha Storm Chasers batting - Pitching for Columbus Clippers : RHP Jason Greene
Now at 1B: Gabe White
Now at 2B: Justin Barker
Batting: RHB Kevin Roseen 0-0: Reached on error, E4 (Groundball, 4, EV 98.1 MPH)
Batting: RHB Jason Birge 0-0: Foul Ball, location: 2F
0-1: Ground out 4-3 (Groundball, 4D, EV 86.2 MPH)
Kevin Roseen to third
Batting: LHB Jim Pankratz 0-0: Ball
1-0: Called Strike
1-1: Foul Ball, location: 2F
1-2: Foul Ball, location: 2F
1-2: Ball
2-2: Ball
3-2: Ground out 6-3 (Groundball, 56D, EV 86.9 MPH)
Kevin Roseen scores
Batting: RHB Taisei Fujii 0-0: Foul Ball, location: 2F
0-1: Foul Ball, location: 2F
0-2: Foul Ball, location: 2F
0-2: Strikes out swinging
Top of the 8th over - 1 run, 0 hits, 1 error, 0 left on base; Omaha 2 - Columbus 5
BOTTOM OF THE 8TH
Columbus Clippers batting - Pitching for Omaha Storm Chasers : RHP Jake Gregor
Pitching: LHP Francisco de la Torre
Batting: LHB Jim Keefe 0-0: Ground out 5-3 (Groundball, 5, EV 98.8 MPH)
Batting: LHB Corey Trevor 0-0: Ball
1-0: Foul Ball, location: 2F
1-1: Swinging Strike
1-2: Ball
2-2: Ball
3-2: Base on Balls
Batting: RHB Josh Hoeye 0-0: Called Strike
0-1: Ball
Corey Trevor steals 2nd base
1-1: Foul Ball, location: 2F
1-2: Ball
2-2: Ball
3-2: Foul Ball, location: 2F
3-2: SINGLE (Groundball, 56S, EV 71.9 MPH) (infield hit)
Corey Trevor to third
Batting: LHB Tyler Babbitt 0-0: Ball
1-0: Ball
2-0: Ball
3-0: Called Strike
3-1: Base on Balls
Josh Hoeye to second
Batting: RHB Stephen Charbonneau 0-0: Ball
1-0: Ball
2-0: Ball
3-0: Base on Balls
Corey Trevor scores
Josh Hoeye to third
Tyler Babbitt to second
Batting: RHB Chang-wei Jiang 0-0: Called Strike
0-1: Ball
1-1: Ball
2-1: Swinging Strike
2-2: Foul Ball, location: 2F
2-2: Strikes out swinging
Batting: LHB Jack Bell 0-0: Ball
1-0: Called Strike
1-1: Ball
2-1: Foul Ball, location: 2F
2-2: Ground out 3-1 (Groundball, 34S, EV 93.8 MPH)
Bottom of the 8th over - 1 run, 1 hit, 0 errors, 3 left on base; Omaha 2 - Columbus 6
TOP OF THE 9TH
Omaha Storm Chasers batting - Pitching for Columbus Clippers : RHP Jason Greene
Now at 2B: Scott Scott
Now at 3B: Justin Barker
Batting: LHB Shigeru Ono 0-0: Called Strike
0-1: Called Strike
0-2: Ball
1-2: Foul Ball, location: 2F
1-2: Foul Ball, location: 2F
1-2: DOUBLE (Line Drive, 78D, EV 111.9 MPH)
Batting: SHB Francisco Gutierrez 0-0: Ball
1-0: Fly out, F6 (Popup, 6, EV 52.5 MPH)
Batting: LHB Danny Bailey 0-0: Foul Ball, location: 2F
0-1: Ball
1-1: Foul Ball, location: 2F
1-2: Ball
2-2: Ball
3-2: SINGLE (Line Drive, 8LS, EV 91.2 MPH)
Shigeru Ono to third
Pitching: RHP Chris Cohen
Batting: RHB Yuichi Takata
Pinch Hitting: LHB Willie Gutierrez 0-0: Called Strike
0-1: Ball
1-1: Ball
2-1: Ball
3-1: Base on Balls
Danny Bailey to second
Batting: SHB Arturo Baez 0-0: Ball
1-0: Foul Ball, location: 2F
1-1: Ball
2-1: Foul Ball, location: 2F
2-2: Ball
3-2: SINGLE (Groundball, 4M, EV 81.9 MPH) (infield hit)
Shigeru Ono scores
Danny Bailey to third
Willie Gutierrez to second
Batting: RHB Kevin Roseen 0-0: Ball
1-0: Foul Ball, location: 2F
1-1: Swinging Strike
1-2: SINGLE (Groundball, 56D, EV 98.8 MPH)
Danny Bailey scores
Willie Gutierrez to third
Arturo Baez to second
Pinch Hitting: SHB Jared O'Connor 0-0: Ball
1-0: Called Strike
1-1: Ball
2-1: Swinging Strike
2-2: Foul Ball, location: 2F
2-2: Fly out, F8 (Line Drive, 8LS, EV 94.4 MPH)
Batting: LHB Jim Pankratz 0-0: Called Strike
0-1: Foul Ball, location: 2F
0-2: Ball
1-2: Foul Ball, location: 2F
1-2: Foul Ball, location: 2F
1-2: Strikes out swinging
Top of the 9th over - 2 runs, 4 hits, 0 errors, 3 left on base; Omaha 4 - Columbus 6
Tuesday, March 28th , 2023 - OOTP Baseball 23.10 Build 110